 Dungeon Crawl Stone Soup version 0.21.1-1-g345015fe64 (webtiles) character file.

35765 crazyass the Basher (level 13, 0/115 HPs)
             Began as a Minotaur Berserker on June 5, 2018.
             Was a High Priest of Trog.
             Killed from afar by a hell knight (6 damage)
             ... with a puff of flame
             ... on level 1 of the Depths on June 7, 2018.
             The game lasted 01:40:00 (20502 turns).

crazyass the Basher (Minotaur Berserker)           Turns: 20502, Time: 01:40:00

Health: 0/115      AC: 18    Str: 25    XL:     13   Next: 49%
Magic:  9/12       EV: 12    Int:  5    God:    Trog [*****.]
Gold:   816        SH:  0    Dex: 17    Spells: 12/12 levels left

rFire    . . .     SeeInvis .   f - +1 morningstar
rCold    . . .     Gourm    +   x - +1 shield
rNeg     . . .     Faith    .   y - +0 plate armour
rPois    .         Spirit   .   (helmet restricted)
rElec    .         Reflect  .   r - +0 cloak
rCorr    .         Harm     .   (no gloves)
MR       +....                  L - +0 pair of boots
Stlth    ..........             B - amulet of the gourmand
HPRegen  0.29/turn              u - +6 ring of dexterity
MPRegen  0.13/turn              p - ring of protection from magic

@: confused, berserk cooldown
A: retaliatory headbutt, horns 2
a: Berserk, Trog's Hand, Brothers in Arms, Burn Spellbooks, Renounce Religion


You were on level 1 of the Depths.
You worshipped Trog.
Trog was extremely pleased with you.
You were not hungry.

You visited 2 branches of the dungeon, and saw 16 of its levels.

You collected 946 gold pieces.
You spent 130 gold pieces at shops.

Inventory:

Hand Weapons
 a - a +0 falchion
 b - a +0 great mace
 f - a +1 morningstar (weapon)
 C - the cursed +1 hand axe of Wavaolib {chaos, *Noise Str+4 Dex+3, unknown}
   (You found it on level 6 of the Dungeon)

   Each time it hits an enemy it has a different, random effect.
   It affects your strength (+4).
   It affects your dexterity (+3).
   It may make noises in combat.
   It has a curse placed upon it.
Missiles
 j - 19 large rocks (quivered)
 I - a silver javelin
Armour
 r - a +0 cloak (worn)
 x - a +1 shield (worn)
 y - a +0 plate armour (worn)
 F - a +0 robe of magic resistance
 L - a +0 pair of boots (worn)
Jewellery
 g - a +2 amulet of reflection {unknown}
 i - a cursed -3 ring of dexterity
 p - a ring of protection from magic (right hand)
 u - a +6 ring of dexterity (left hand)
 B - an amulet of the gourmand (around neck)
 E - a +3 ring of strength
Scrolls
 n - 11 scrolls of remove curse
 o - 3 scrolls of enchant armour
 q - 5 scrolls of identify
 v - a scroll of magic mapping
Potions
 d - 5 potions of curing
 e - 3 potions of agility
 h - 3 potions of might
 l - 4 potions of flight
 s - 3 potions of mutation {unknown}
 w - 2 potions of berserk rage
 z - a potion of magic {unknown}
 A - a potion of invisibility {unknown}
 K - a potion of ambrosia {unknown}
Comestibles
 c - 12 rations


   Skills:
 * Level 10.9 Fighting
 - Level 8.6 Long Blades
 * Level 14.0 Maces & Flails
 + Level 1.4 Throwing
 * Level 12.1 Armour
 * Level 8.9 Dodging
 * Level 6.4 Stealth
 * Level 10.3 Shields


You had 12 spell levels left.
You didn't know any spells.

Dungeon Overview and Level Annotations

Branches:
Dungeon (15/15)            Temple (0/1) D:4            Lair (0/6) D:9
    Orc (0/2) D:10         Vaults (0/5) D:13         Depths (1/5) D:15

Altars:
Gozag
Kikubaaqudgha
Okawaru
Ru
Uskayaw
The Shining One

Shops:
D:4 %


Innate Abilities, Weirdness & Mutations

You reflexively headbutt those who attack you in melee.
You have a pair of horns on your head.


Message History

You are confused.
The purple very ugly thing pecks you!
* * * LOW HITPOINT WARNING * * *
You see here a large rock.
You bump into the rock wall.
The hell knight barely misses you.
The purple very ugly thing basks in the mutagenic energy from its kin and changes!
The hell knight misses you.
You're too confused to move!
The hell knight hits you with a great mace of crushing.
* * * LOW HITPOINT WARNING * * *
x2 You hit the red very ugly thing.
You headbutt the red very ugly thing.
The red very ugly thing is lightly wounded.
The hell knight hits you but does no damage.
The hell knight hits you with a great mace of crushing.
* * * LOW HITPOINT WARNING * * *
x2 You bludgeon the hell knight!!
You headbutt the hell knight!
The hell knight is heavily wounded.
The hell knight casts a spell at you. The puff of flame hits you!
You die...

#
#.#######
#Gp@u|(.#
#.##p##.#
#.ppu# #
#..u.###
....##
..# .


You could see 2 very ugly things, a great orb of eyes and 2 hell knights.

Vanquished Creatures
  2 stone giants (Depths:1)
  Erolcha (D:9)
  2 death knights
  9 two-headed ogres
  A hell knight (Depths:1)
  A fire crab (shapeshifter) (D:15)
  An unseen horror (D:11)
  2 wizards
  4 skeletal warriors (D:15)
  A glowing orange brain (D:15)
  Pikel (D:5)
  An orc knight (D:15)
  A deep elf mage (D:13)
  4 ugly things
  2 manticores
  4 cyclopes
  Maurice (D:9)
  2 gargoyles
  A yaktaur (D:12)
  A freezing wraith (D:14)
  A redback zombie (D:14)
  4 trolls
  A polar bear (shapeshifter) (D:15)
  6 hippogriffs
  4 slime creatures
  A shadow (D:11)
  5 wraiths
  2 vampires
  3 wyverns
  4 vampire mosquitoes (D:15)
  3 hungry ghosts
  2 insubstantial wisps (D:15)
  Menkaure (D:5)
  A naga (shapeshifter) (D:15)
  A soldier ant (D:13)
  A water moccasin (D:6)
  3 black bears
  7 orc warriors
  5 sky beasts
  3 phantoms
  An ice beast (D:7)
  5 ogres
  3 centaurs
  A crocodile (D:11)
  4 big kobolds
  7 bullfrogs
  A wyvern zombie (D:14)
  A water moccasin zombie (D:8)
  2 scorpions
  2 troll zombies (D:10)
  7 wights
  9 killer bees
  4 howler monkeys
  3 bullfrog zombies
  10 crimson imps
  A quasit (D:9)
  3 centaur zombies
  2 hounds
  9 orc priests
  6 jellies
  9 orc wizards
  A bullfrog skeleton (D:13)
  4 centaur skeletons
  Jessica (D:3)
  6 iguanas
  13 worker ants
  Terence (D:2)
  4 ogre zombies (D:10)
  2 hound skeletons
  A hound zombie (D:9)
  3 worker ant zombies
  2 gnolls (D:2)
  7 adders
  3 shadow imps
  5 oozes (D:11)
  An adder zombie (D:6)
  An adder skeleton (D:3)
  3 worms
  3 dart slugs
  5 leopard geckos
  53 orcs
  A ball python (D:2)
  2 bat zombies (D:9)
  9 giant cockroaches
  8 goblins
  3 hobgoblins
  10 jackals
  8 quokkas
  10 bats
  6 frilled lizards
  A goblin skeleton (D:10)
  2 goblin zombies (D:10)
  A hobgoblin skeleton (D:10)
  2 hobgoblin zombies (D:10)
  24 kobolds
  A leopard gecko skeleton (D:4)
  2 orc skeletons (D:10)
  11 orc zombies (D:10)
  6 rats
  A rat zombie (D:9)
  A plant (D:2)
418 creatures vanquished.

Vanquished Creatures (collateral kills)
  An ogre mage (Depths:1)
  An orc warrior (D:9)
  An ogre (D:10)
  An orc priest (D:9)
  An orc wizard (D:9)
  2 orcs (D:9)
7 creatures vanquished.

Vanquished Creatures (others)
  A slave (D:5)
  2 orc priests (D:5)
  An orc wizard (D:13)
  2 orcs (D:5)
6 creatures vanquished.

Grand Total: 431 creatures vanquished

Notes
Turn   | Place    | Note
-------+----------+-------------------------------------------
     0 | D:1      | crazyass the Minotaur Berserker began the quest for the Orb.
     0 | D:1      | Reached XP level 1. HP: 19/19 MP: 0/0
     3 | D:1      | Noticed an electric eel
     3 | D:1      | Noticed an electric eel
   184 | D:1      | Reached XP level 2. HP: 23/27 MP: 1/1
   476 | D:1      | You fall through a shaft!
   485 | D:2      | Reached XP level 3. HP: 17/33 MP: 2/2
   513 | D:2      | Found an opulent altar of Gozag.
   565 | D:2      | Reached ** piety under Trog
   649 | D:2      | Found a glowing golden altar of the Shining One.
   649 | D:2      | Found a hide-covered altar of Uskayaw.
   907 | D:2      | Reached XP level 4. HP: 41/41 MP: 3/3
  1136 | D:2      | Noticed Terence
  1138 | D:2      | Killed Terence
  1551 | D:3      | Noticed Jessica
  1563 | D:3      | Killed Jessica
  1563 | D:3      | Reached skill level 5 in Long Blades
  1563 | D:3      | Reached XP level 5. HP: 44/47 MP: 4/4
  1694 | D:3      | Reached *** piety under Trog
  1694 | D:3      | Reached skill level 5 in Fighting
  1707 | D:3      | Reached XP level 6. HP: 56/56 MP: 5/5
  1972 | D:4      | Found a staircase to the Ecumenical Temple.
  2059 | D:4      | Found Jackouge's Food Emporium.
  2064 | D:4      | Bought a ration for 65 gold pieces
  2064 | D:4      | Bought a ration for 65 gold pieces
  2306 | D:4      | Reached XP level 7. HP: 31/61 MP: 6/6
  2896 | D:5      | Entered Level 5 of the Dungeon
  2896 | D:5      | Noticed Pikel
  2904 | D:5      | Killed Pikel
  2904 | D:5      | Reached skill level 5 in Armour
  2904 | D:5      | Reached skill level 1 in Shields
  2904 | D:5      | Reached XP level 8. HP: 70/70 MP: 7/7
  3310 | D:5      | Noticed Menkaure
  3426 | D:5      | Killed Menkaure
  4194 | D:6      | Got a scorched hand axe
  4215 | D:6      | Reached skill level 1 in Stealth
  4336 | D:6      | Noticed a hippogriff
  4356 | D:6      | Killed a hippogriff
  4356 | D:6      | Reached skill level 1 in Maces & Flails
  4491 | D:6      | Reached skill level 2 in Maces & Flails
  4544 | D:6      | Reached **** piety under Trog
  4890 | D:6      | Reached skill level 3 in Maces & Flails
  5399 | D:7      | Reached skill level 5 in Dodging
  5399 | D:7      | Reached XP level 9. HP: 60/78 MP: 8/8
  5597 | D:7      | Received a gift from Trog
  5622 | D:7      | Found an iron altar of Okawaru.
  5677 | D:7      | Reached skill level 4 in Maces & Flails
  6521 | D:8      | Reached skill level 5 in Maces & Flails
  6824 | D:8      | Found a sacrificial altar of Ru.
  6888 | D:8      | Reached skill level 1 in Throwing
  6932 | D:8      | Reached skill level 6 in Maces & Flails
  7040 | D:8      | Reached skill level 5 in Shields
  8061 | D:9      | Received a gift from Trog
  8069 | D:9      | Noticed Maurice
  8083 | D:9      | Paralysed by something for 5 turns
  8105 | D:9      | Reached XP level 10. HP: 86/86 MP: 9/9
  8627 | D:9      | Found an ancient bone altar of Kikubaaqudgha.
  8641 | D:9      | Noticed a two-headed ogre
  8647 | D:9      | Killed a two-headed ogre
  8647 | D:9      | Reached skill level 7 in Maces & Flails
  8809 | D:9      | Noticed Erolcha
  8814 | D:9      | Killed Erolcha
  8814 | D:9      | Reached skill level 8 in Maces & Flails
  8920 | D:9      | Found a staircase to the Lair.
  9070 | D:9      | Found an ancient bone altar of Kikubaaqudgha.
  9159 | D:9      | Killed Maurice
  9246 | D:10     | Entered Level 10 of the Dungeon
  9748 | D:10     | Found a staircase to the Orcish Mines.
  9754 | D:10     | Reached skill level 9 in Maces & Flails
  9832 | D:10     | Reached ***** piety under Trog
 10485 | D:11     | Reached XP level 11. HP: 95/95 MP: 10/10
 11157 | D:11     | Killed an unseen horror
 11663 | D:11     | Received a gift from Trog
 11743 | D:11     | Reached skill level 10 in Maces & Flails
 13089 | D:12     | Noticed a death knight
 13420 | D:12     | Noticed a two-headed ogre
 13431 | D:12     | Killed a two-headed ogre
 13431 | D:12     | Reached skill level 10 in Armour
 14019 | D:12     | Killed a death knight
 14828 | D:13     | Noticed a red ugly thing
 14834 | D:13     | Killed a red ugly thing
 14834 | D:13     | Reached skill level 11 in Maces & Flails
 15344 | D:13     | Reached skill level 5 in Stealth
 15557 | D:13     | Noticed a deep elf mage
 15568 | D:13     | Killed a deep elf mage
 15568 | D:13     | Reached XP level 12. HP: 104/104 MP: 11/11
 15606 | D:13     | Noticed a two-headed ogre
 15623 | D:13     | Killed a two-headed ogre
 15688 | D:13     | Noticed a two-headed ogre
 15693 | D:13     | Killed a two-headed ogre
 15825 | D:13     | Found a gate to the Vaults.
 15879 | D:13     | Noticed a two-headed ogre
 15885 | D:13     | Killed a two-headed ogre
 16561 | D:14     | Reached skill level 12 in Maces & Flails
 16594 | D:14     | Paralysed by a wizard for 7 turns
 16879 | D:14     | Noticed a two-headed ogre
 16888 | D:14     | Killed a two-headed ogre
 16946 | D:14     | Noticed a two-headed ogre
 16954 | D:14     | Killed a two-headed ogre
 16957 | D:14     | Noticed a two-headed ogre
 16969 | D:14     | Killed a two-headed ogre
 16989 | D:14     | Received a gift from Trog
 17324 | D:14     | Reached skill level 10 in Fighting
 17702 | D:14     | Noticed a death knight
 17710 | D:14     | Killed a death knight
 18045 | D:15     | Entered Level 15 of the Dungeon
 18075 | D:15     | Reached skill level 13 in Maces & Flails
 18315 | D:15     | Reached XP level 13. HP: 105/114 MP: 12/12
 19040 | D:15     | Reached skill level 10 in Shields
 19050 | D:15     | Found a staircase to the Depths.
 19694 | D:15     | Found an ancient bone altar of Kikubaaqudgha.
 19901 | Depths:1 | Entered Level 1 of the Depths
 19906 | Depths:1 | Noticed a stone giant
 19911 | Depths:1 | Killed a stone giant
 20117 | Depths:1 | Noticed an ettin
 20123 | Depths:1 | Noticed a frost giant
 20128 | Depths:1 | Noticed a stone giant
 20466 | Depths:1 | Noticed a stone giant
 20476 | Depths:1 | Killed a stone giant
 20476 | Depths:1 | Reached skill level 14 in Maces & Flails
 20485 | Depths:1 | Noticed a red very ugly thing
 20493 | Depths:1 | Noticed a red very ugly thing
 20494 | Depths:1 | Noticed a red very ugly thing
 20494 | Depths:1 | HP: 1/115 [hell knight/bolt of fire (28)]
 20494 | Depths:1 | Noticed a red very ugly thing
 20495 | Depths:1 | Identified a scroll of acquirement
 20502 | Depths:1 | Killed from afar by a hell knight

Skill      XL: |  1  2  3  4  5  6  7  8  9 10 11 12 13 |
---------------+----------------------------------------+-----
Fighting       | 4 5 6 7 8 9 10 | 10.9
Long Blades    | 4 5 6 8 |  8.6
Armour         | 3 4 5 7 8 9 10 11 12 | 12.1
Dodging        | 3 4 5 6 7 8 |  8.9
Shields        | 1 3 5 6 8 9 10 | 10.3
Stealth        | 1 3 4 5 6 |  6.4
Maces & Flails | 3 6 9 11 13 14 | 14.0
Throwing       | 1 |  1.4

Action                   |  1- 3 |  4- 6 |  7- 9 | 10-12 | 13-15 || total
-------------------------+-------+-------+-------+-------+-------++-------
Melee: Falchion          |    97 |   103 |    33 |       |       ||   233
       Headbutt          |    20 |    24 |    71 |   217 |    53 ||   385
       Morningstar       |       |       |   235 |   695 |   133 ||  1063
Throw: Stone             |       |       |    50 |       |       ||    50
       Javelin           |       |       |       |     6 |       ||     6
Invok: Berserk           |     2 |     5 |    10 |    16 |     6 ||    39
       Burn Spellbooks   |     1 |     1 |     1 |     2 |     2 ||     7
       Brothers in Arms  |       |       |     1 |     1 |     1 ||     3
       Trog's Hand       |       |       |       |     1 |     1 ||     2
  Use: Scroll            |       |       |     6 |    12 |     3 ||    21
       Potion            |       |       |       |     4 |     2 ||     6
 Stab: Paralysed         |       |       |     1 |       |       ||     1
       Distracted        |       |       |       |     1 |       ||     1
  Eat: Chunk             |     1 |     2 |    23 |    21 |       ||    47
       Ration            |       |     2 |     4 |     9 |     3 ||    18
Armor: Animal skin       |     3 |       |       |       |       ||     3
       Scale mail        |    27 |       |       |       |       ||    27
       Chain mail        |    16 |    59 |     5 |       |       ||    80
       Plate armour      |       |       |   161 |   364 |    25 ||   550
Dodge: Dodged            |    43 |    48 |    92 |   201 |    33 ||   417
Block: Shield            |       |       |   164 |   469 |    66 ||   699
       Rpst.: Falchion   |    15 |    13 |     1 |       |       ||    29
